[Event "Turkish Super League 2019"]
[Site "Konya"]
[Date "2019.07.28"]
[Round "13"]
[White "Ozen, Bahadir"]
[Black "Tasdogen, Dincer"]
[Result "1/2-1/2"]
[ECO "E92"]
[WhiteElo "2366"]
[BlackElo "2310"]
[Annotator "NA"]
[PlyCount "74"]
[EventDate "2019.07.17"]
[EventType "team-tourn"]
[EventCountry "TUR"]
[SourceTitle "playchess.com"]
[Source "ChessBase"]
[SourceQuality "1"]
[TimeControl "40/5400+30:1800+30"]

1. Nf3 Nf6 2. c4 g6 3. Nc3 Bg7 4. e4 d6 5. d4 O-O 6. Be2 e5 7. dxe5 dxe5 8. Qxd8 Rxd8 9. Bg5 Re8 10. Nd5 Nxd5 11. cxd5 c6 12. Bc4 b5 13. Bb3 a5 14. a4 Bd7 15. dxc6 Nxc6 16. axb5 Nb4 17. O-O Bxb5 18. Rfc1 a4 19. Bc4 Bxc4 20. Rxc4 Nd3 21. Rcxa4 Rxa4 22. Rxa4 Nxb2 23. Ra2 Nc4 24. Nd2 Nxd2 25. Rxd2 f6 26. Be3 Bf8 27. g4 Kf7 28. Rd7+ Re7 29. Rxe7+ Bxe7 30. Kg2 h5 31. h3 hxg4 32. hxg4 f5 33. gxf5 gxf5 34. exf5 Kf6 35. f3 Kxf5 36. Bc1 e4 37. fxe4+ Kxe4 1/2-1/2

[Event "Turkish Super League 2019"]
[Site "Konya"]
[Date "2019.07.28"]
[Round "13"]
[White "Tarlabasi, Emirhan"]
[Black "Gulbas, Cemil"]
[Result "1-0"]
[ECO "A58"]
[WhiteElo "2352"]
[BlackElo "2380"]
[Annotator "NA"]
[PlyCount "61"]
[EventDate "2019.07.17"]
[EventType "team-tourn"]
[EventCountry "TUR"]
[SourceTitle "playchess.com"]
[Source "ChessBase"]
[SourceQuality "1"]
[TimeControl "40/5400+30:1800+30"]

1. d4 Nf6 2. c4 c5 3. d5 b5 4. cxb5 a6 5. bxa6 e6 6. dxe6 fxe6 7. Nd2 d5 8. e4 Be7 9. Bb5+ Bd7 10. Bd3 Nxa6 11. e5 Nb4 12. Bb1 Ng8 13. Ne2 Nh6 14. Nf3 Nf7 15. O-O Qc7 16. Re1 g5 17. h3 O-O-O 18. Nc3 Bc6 19. a3 d4 20. axb4 dxc3 21. Qb3 Rd5 22. b5 cxb2 23. Bxb2 Bb7 24. b6 c4 25. bxc7 cxb3 26. Be4 Rd7 27. Bxb7+ Kxb7 28. Re3 Rxc7 29. Rxb3+ Kc8 30. Nd4 Nd8 31. Nxe6 1-0

[Event "Turkish Super League 2019"]
[Site "Konya"]
[Date "2019.07.28"]
[Round "13"]
[White "Savina, Anastasia"]
[Black "Osmanodja, Filiz"]
[Result "1-0"]
[ECO "E11"]
[WhiteElo "2344"]
[BlackElo "2254"]
[Annotator "NA"]
[PlyCount "71"]
[EventDate "2019.07.17"]
[EventType "team-tourn"]
[EventCountry "TUR"]
[SourceTitle "playchess.com"]
[Source "ChessBase"]
[SourceQuality "1"]
[TimeControl "40/5400+30:1800+30"]

1. d4 Nf6 2. Nf3 e6 3. c4 Bb4+ 4. Bd2 Qe7 5. Nc3 O-O 6. Qc2 d5 7. e3 c6 8. a3 Bd6 9. Ne5 Nfd7 10. f4 Kh8 11. Bd3 Bxe5 12. fxe5 dxc4 13. Be2 c5 14. O-O Nc6 15. Rf4 Nb6 16. Raf1 Nd5 17. Re4 f5 18. exf6 Nxf6 19. Rh4 g5 20. Rh3 cxd4 21. exd4 Nxd4 22. Qg6 e5 23. Rh6 Bf5 24. Qxg5 Ng8 25. Qxe7 Nxe2+ 26. Nxe2 Nxe7 27. Bb4 Rae8 28. Ng3 Kg7 29. Bxe7 Rxe7 30. Rxf5 Rd8 31. Rh4 Rd1+ 32. Rf1 Rxf1+ 33. Kxf1 Rf7+ 34. Ke2 Re7 35. Kf1 Rf7+ 36. Ke2 1-0

[Event "Turkish Super League 2019"]
[Site "Konya"]
[Date "2019.07.28"]
[Round "13"]
[White "Secer, Ata"]
[Black "Eren, Ataberk"]
[Result "1-0"]
[ECO "C96"]
[WhiteElo "2324"]
[BlackElo "2295"]
[Annotator "NA"]
[PlyCount "75"]
[EventDate "2019.07.17"]
[EventType "team-tourn"]
[EventCountry "TUR"]
[SourceTitle "playchess.com"]
[Source "ChessBase"]
[SourceQuality "1"]
[TimeControl "40/5400+30:1800+30"]

1. e4 e5 2. Nf3 Nc6 3. Bb5 a6 4. Ba4 Nf6 5. O-O Be7 6. Re1 b5 7. Bb3 O-O 8. c3 d6 9. h3 Na5 10. Bc2 c5 11. d4 Nd7 12. Nbd2 exd4 13. cxd4 Nc6 14. d5 Nce5 15. a4 Rb8 16. Nxe5 Nxe5 17. axb5 axb5 18. f4 Ng6 19. Nf3 Bh4 20. Rf1 Bg3 21. f5 Ne5 22. Ng5 Nd7 23. Nxh7 Kxh7 24. f6 g6 25. Qg4 Be5 26. Qh4+ Kg8 27. Bg5 c4 28. Rf3 Qb6+ 29. Kh1 Qd4 30. Raf1 Qxb2 31. Qh6 Nxf6 32. Bxf6 Bxf6 33. Rxf6 Bg4 34. hxg4 Qxc2 35. R1f3 Qxe4 36. Rh3 Qe1+ 37. Rf1 Qxf1+ 38. Kh2 1-0

[Event "Turkish Super League 2019"]
[Site "Konya"]
[Date "2019.07.28"]
[Round "13"]
[White "Agdelen, Huseyin Can"]
[Black "Caglar, Ahmet Ata"]
[Result "1/2-1/2"]
[ECO "B32"]
[WhiteElo "2275"]
[BlackElo "2051"]
[Annotator "NA"]
[PlyCount "49"]
[EventDate "2019.07.17"]
[EventType "team-tourn"]
[EventCountry "TUR"]
[SourceTitle "playchess.com"]
[Source "ChessBase"]
[SourceQuality "1"]
[TimeControl "40/5400+30:1800+30"]

1. e4 c5 2. Nf3 Nc6 3. d4 cxd4 4. Nxd4 e5 5. Nb5 d6 6. N1c3 a6 7. Na3 b5 8. Nd5 Nge7 9. Bd3 Nxd5 10. exd5 Ne7 11. c4 g6 12. cxb5 Bg7 13. O-O O-O 14. Bc4 f5 15. f4 exf4 16. Rxf4 Be5 17. Rf1 f4 18. Qe2 h5 19. Kh1 Bg4 20. Qe4 Bf5 21. Qe2 Bg4 22. Qe4 Bf5 23. Qe2 Bg4 24. Qe4 Bf5 25. Qe2 1/2-1/2

[Event "Turkish Super League 2019"]
[Site "Konya"]
[Date "2019.07.28"]
[Round "13"]
[White "Sahin, Ozgun"]
[Black "Aydin, Hakan Arda"]
[Result "1/2-1/2"]
[ECO "C50"]
[WhiteElo "2214"]
[BlackElo "1956"]
[Annotator "NA"]
[PlyCount "81"]
[EventDate "2019.07.17"]
[EventType "team-tourn"]
[EventCountry "TUR"]
[SourceTitle "playchess.com"]
[Source "ChessBase"]
[SourceQuality "1"]
[TimeControl "40/5400+30:1800+30"]

1. e4 e5 2. Nf3 Nc6 3. Bc4 Bc5 4. O-O Nf6 5. d4 Bxd4 6. Nxd4 Nxd4 7. Bg5 d6 8. f4 Be6 9. fxe5 dxe5 10. Na3 Bxc4 11. Nxc4 Nc6 12. Bxf6 gxf6 13. c3 Qxd1 14. Raxd1 Rd8 15. Rxd8+ Kxd8 16. Rxf6 Ke7 17. Rh6 Kf8 18. Ne3 Ne7 19. Ng4 Kg7 20. Rh3 Rd8 21. Rf3 Ng6 22. g3 h5 23. Ne3 Ne7 24. Kf1 f6 25. Ke2 Rd6 26. Nc4 Ra6 27. a3 Nc8 28. Rd3 Nd6 29. Nxd6 Rxd6 30. Rf3 a5 31. b4 a4 32. g4 hxg4 33. Rg3 f5 34. exf5 Kf6 35. Rxg4 Kxf5 36. Rh4 e4 37. Rh5+ Kf4 38. Rh4+ Kf5 39. Rh5+ Kf4 40. Rh4+ Kf5 41. Rh5+ 1/2-1/2

[Event "Turkish Super League 2019"]
[Site "Konya"]
[Date "2019.07.28"]
[Round "13"]
[White "Tezcan, Emre"]
[Black "Karagollu, Ahmet"]
[Result "1/2-1/2"]
[ECO "C96"]
[WhiteElo "2082"]
[BlackElo "2135"]
[Annotator "NA"]
[PlyCount "64"]
[EventDate "2019.07.17"]
[EventType "team-tourn"]
[EventCountry "TUR"]
[SourceTitle "playchess.com"]
[Source "ChessBase"]
[SourceQuality "1"]
[TimeControl "40/5400+30:1800+30"]

1. e4 Nc6 2. Nf3 e5 3. Bb5 a6 4. Ba4 Nf6 5. O-O Be7 6. Re1 b5 7. Bb3 O-O 8. c3 d6 9. h3 Na5 10. Bc2 c5 11. d4 cxd4 12. cxd4 Nc6 13. Nc3 h6 14. d5 Nb8 15. Be3 Nbd7 16. Qd2 Re8 17. a4 b4 18. Ne2 a5 19. Ng3 Nf8 20. Bd3 Ng6 21. Bb5 Bd7 22. Qd3 Bf8 23. Nd2 Nf4 24. Bxf4 exf4 25. Ne2 Bxb5 26. axb5 Nd7 27. Nxf4 Qf6 28. Ne2 Qxb2 29. Nc4 Qf6 30. Rxa5 Rxa5 31. Nxa5 Nc5 32. Qd4 Qd8 1/2-1/2

[Event "Turkish Super League 2019"]
[Site "Konya"]
[Date "2019.07.28"]
[Round "13"]
[White "Acar, Utku Cengiz"]
[Black "Gholami, Aryan"]
[Result "1/2-1/2"]
[ECO "B43"]
[WhiteElo "2079"]
[BlackElo "2532"]
[Annotator "ChessBase"]
[PlyCount "82"]
[EventDate "2019.07.17"]
[EventType "team-tourn"]
[EventCountry "TUR"]
[SourceTitle "playchess.com"]
[Source "ChessBase"]
[SourceQuality "1"]
[TimeControl "40/5400+30:1800+30"]

1. e4 c5 2. Nf3 e6 3. d4 cxd4 4. Nxd4 a6 5. Nc3 b5 6. Bd3 Qb6 7. Nf3 Bb7 8. O-O Qc7 9. Re1 b4 10. Na4 Bc6 11. c4 a5 12. Nd4 Bxa4 13. Qxa4 Bc5 14. Nb5 Qb6 15. Bf4 Na6 16. Bg3 Nf6 17. Qc2 Nh5 18. e5 Nxg3 19. hxg3 g6 20. Rad1 O-O 21. Be4 Rad8 22. Nd6 Nb8 23. Re2 Kg7 24. Bf3 f6 25. exf6+ Rxf6 26. Ne4 Rf5 27. Red2 Rdf8 28. b3 Be7 29. Bg4 R5f7 30. Kh2 Qc7 31. Qb2+ Kg8 32. Qd4 Rg7 33. Qe3 Kh8 34. Bf3 g5 35. Qe2 Qe5 36. Kg1 Rfg8 37. g4 Bd8 38. Nd6 Qf6 39. Ne4 Qe5 40. Nd6 Qxe2 41. Rxe2 Rf8 1/2-1/2

[Event "Turkish Super League 2019"]
[Site "Konya"]
[Date "2019.07.28"]
[Round "13"]
[White "Dolgun, Can"]
[Black "Samani, Yamac"]
[Result "0-1"]
[ECO "B52"]
[WhiteElo "2064"]
[BlackElo "2266"]
[Annotator "NA"]
[PlyCount "98"]
[EventDate "2019.07.17"]
[EventType "team-tourn"]
[EventCountry "TUR"]
[SourceTitle "playchess.com"]
[Source "ChessBase"]
[SourceQuality "1"]
[TimeControl "40/5400+30:1800+30"]

1. e4 c5 2. Nf3 d6 3. Bb5+ Bd7 4. Bxd7+ Nxd7 5. d4 cxd4 6. Qxd4 Ngf6 7. Bg5 g6 8. Bxf6 Nxf6 9. Qa4+ Qd7 10. Qxd7+ Nxd7 11. Nbd2 Bg7 12. c3 O-O 13. Ke2 Rab8 14. Rac1 b5 15. b3 a5 16. c4 b4 17. Ne1 a4 18. Nd3 axb3 19. axb3 Bc3 20. Nb1 Bd4 21. Rc2 f5 22. exf5 Rxf5 23. Ra2 Nc5 24. Nd2 Nxd3 25. Kxd3 Bxf2 26. Ne4 Bb6 27. Rha1 d5 28. Nd2 dxc4+ 29. Nxc4 Rd8+ 30. Ke2 Bd4 31. Rf1 Rxf1 32. Kxf1 e5 33. Re2 Ra8 34. Re4 Rf8+ 35. Ke1 Kg7 36. Re2 Ra8 37. Kf1 Kf6 38. Rd2 Kf5 39. Ke2 Ke4 40. Nd6+ Kd5 41. Nc4 Rf8 42. Kd3 e4+ 43. Ke2 Rf2+ 44. Ke1 Rxd2 45. Kxd2 Bg1 46. h3 Kd4 47. Na5 e3+ 48. Kc2 Bf2 49. Kd1 Kd3 0-1

[Event "Turkish Super League 2019"]
[Site "Konya"]
[Date "2019.07.28"]
[Round "13"]
[White "Demirel, Yusuf Ziya"]
[Black "Sevgi, Volkan"]
[Result "0-1"]
[ECO "B14"]
[WhiteElo "1656"]
[BlackElo "2302"]
[Annotator "NA"]
[PlyCount "52"]
[EventDate "2019.07.17"]
[EventType "team-tourn"]
[EventCountry "TUR"]
[SourceTitle "playchess.com"]
[Source "ChessBase"]
[SourceQuality "1"]
[TimeControl "40/5400+30:1800+30"]

1. e4 c6 2. d4 d5 3. exd5 cxd5 4. c4 Nf6 5. Nc3 Nc6 6. Nf3 e6 7. c5 Bd7 8. Bb5 Ne4 9. Nxe4 dxe4 10. Bxc6 Bxc6 11. Ne5 Qd5 12. Be3 Be7 13. a4 O-O 14. b4 f5 15. Qd2 Bf6 16. b5 Be8 17. Qa2 Rd8 18. Qxd5 Rxd5 19. f4 exf3 20. Nxf3 Bh5 21. O-O Bxf3 22. Rxf3 Rxd4 23. Rc1 Rxa4 24. c6 bxc6 25. bxc6 Rc8 26. Bf4 Rxf4 0-1